 Dungeon Sprint DCSS version 0.17-a0-2024-gc284f19 (webtiles) character file.

4006 Ordine the Ninja (level 10, 11/44 HPs)
             Began as a Spriggan Enchanter on Oct 10, 2015.
             Was an Elder of Kikubaaqudgha.
             Quit the game in the Dungeon (Sprint III: "The Ten Rune Challenge").
             The game lasted 00:14:01 (1224 turns).

Ordine the Ninja (Spriggan Enchanter)               Turns: 1224, Time: 00:14:01

Health: 11/44      AC:  4    Str:  4    XL:     10   Next: 3%
Magic:  21/21      EV: 18    Int: 20    God:    Kikubaaqudgha [****..]
Gold:   26         SH:  0    Dex: 17    Spells: 6 memorised, 6 levels left

rFire  . . .     SeeInvis +     a - +1 dagger
rCold  . . .     Clarity  .     b - +1 robe
rNeg   . . .     SustAt   .     (shield restricted)
rPois  .         Gourm    .     (helmet restricted)
rElec  .         Spirit   .     k - +0 cloak
rCorr  .         Warding  .     (gloves unavailable)
rMut   .         NoTele   +     (boots unavailable)
MR     +....                    (no amulet)
Stlth  ++++++++++               (no ring)
                                (no ring)

@: very slightly contaminated, very quick, somewhat resistant to hostile
enchantments, uncannily stealthy
A: unfitting armour, claws 1, see invisible, breathe flames 1, herbivore 3,
speed 3, slow metabolism 2, evolution 1
a: Receive Corpses, Renounce Religion, Breathe Fire


You were in the Dungeon.
You worshipped Kikubaaqudgha.
Kikubaaqudgha was greatly pleased with you.
You were not hungry.

You visited 1 branch You collected 26 gold pieces.

Inventory:

Hand Weapons
 a - a +1 dagger (weapon)
Armour
 b - a +1 robe (worn)
 k - a +0 cloak (worn)
Wands
 e - a wand of confusion (28)
Scrolls
 m - a scroll of torment
 o - 5 scrolls of remove curse
Potions
 c - a potion of might
 g - a potion of haste
 h - a potion of magic
 p - 2 potions of cure mutation
Books
 i - Kikubaaqudgha's Volume of Unholy Arts
   (Kikubaaqudgha gifted it to you in the Dungeon)

   Spells                             Type                      Level
   a - Animate Dead                   Necromancy                   4
   b - Excruciating Wounds            Charms/Necromancy            5
   c - Agony                          Necromancy                   5
   d - Dispel Undead                  Necromancy                   5
   e - Death Channel                  Necromancy                   6
Miscellaneous
 t - a phantom mirror
Comestibles
 d - a bread ration
 n - a royal jelly
 r - 4 fruits


   Skills:
 - Level 10.8 Short Blades
 - Level 3.0 Dodging
 O Level 27 Stealth
 + Level 7.3 Spellcasting
 - Level 3.6 Hexes


You had 6 spell levels left.
You knew the following spells:

 Your Spells              Type           Power        Failure   Level  Hunger
a - Corona                Hex            ###....      2%          1    None
b - Ensorcelled Hibernat  Hex/Ice        ##....       10%         2    None
c - Confuse               Hex            ###.....     10%         3    #......
d - Dazzling Spray        Conj/Hex       ##......     14%         3    #......
e - Regeneration          Chrm/Necr      #.........   30%         3    #......
f - Agony                 Necr           #.......     100%        5    #####..


Dungeon Overview and Level Annotations

Branches:
Dungeon (1/1)

Altars:
Cheibriados
Dithmenos
Elyvilon
Fedhas
Gozag
Kikubaaqudgha
Makhleb
Nemelex Xobeh
Okawaru
Qazlal
Ru
Sif Muna
Trog
Vehumet
Xom
Yredelemnul
Zin
The Shining One
Jiyva
Lugonu


Innate Abilities, Weirdness & Mutations

You are tiny and cannot use many weapons and most armour.
You have supernaturally acute eyesight.
You are a herbivore.
You cover ground extremely quickly.
You need consume almost no food.
You have sharp fingernails.
You can breathe flames.
You evolve.


Message History

* * * LOW HITPOINT WARNING * * *
The orc warrior barely misses you.
The killer bee buzzes angrily.
You hit the orc warrior but do no damage.
The killer bee stings you but does no damage.
You closely miss the orc warrior.
You feel less woody.
Your +0 cloak unmelds from your body.
Your +1 robe unmelds from your body.
The killer bee barely misses you.
Read which item? (? for menu, Esc to quit)
Blink to where?
Press: ? - help, Dir - move target cursor You are very lightly contaminated with residual magic.
As you read the scroll of blinking, it crumbles to dust.
The killer bee misses you.
There is an open door here.
There's a creature in the doorway!
There is an open door here.
The killer bee closely misses you.
Are you sure you want to abandon this character and quit the game? (Confirm with "yes".)

########$$#### #
#__[#__#$#$oo#o#.
#...#._#.$oo.ooo$
#)###)##$$.oooo.#
.......#$$).oooo$ .......#$$#
######'#$##
#__#...#+########################
#__#...#.§§≈≈'.#@yy..y.#.#.#yy%yy
#__#...#.#§§≈#.#.#...##.#.#y##%yy
#__#...'.#§§.#.#.#)..#.#.#.#.#%yy
#_.'..:#.#§).#...#)).##.#.#.##y%y
▓▓▓▓▓▓▓▓▓▓▓▓▓▓▓▓▓▓▓▓▓#.#o#.#.#yy%
##.#.#.##yy. +.#.#.#.#yyy
##.#.#.##### #+#####


You could see 3 killer bees.

Vanquished Creatures
  Josephine (D)
  A centaur warrior (D)
  2 unseen horrors (D)
  A deep elf priest (D)
  A shadow (D)
  A spatial vortex (D)
  A necrophage (D)
  2 centaurs (D)
  An earth elemental (D)
  A water elemental (D)
  6 killer bees (D)
  A wizard (D)
  An orc wizard (D)
  Crazy Yiuf (D)
  A jelly (D)
  A necromancer (D)
  Jessica (D)
  3 humans (D)
  A kobold demonologist (D)
  2 oozes (D)
30 creatures vanquished.

Vanquished Creatures (others)
  2 draconian scorchers (D)
  A yaktaur (D)
3 creatures vanquished.

Grand Total: 33 creatures vanquished

Notes
Turn   | Place    | Note
--------------------------------------------------------------
     0 | D        | Ordine the Spriggan Enchanter began the quest for the Orb.
     0 | D        | Reached XP level 1. HP: 9/9 MP: 5/5
     5 | D        | Reached skill level 6 in Stealth
     8 | D        | Reached skill level 7 in Stealth
     8 | D        | Reached XP level 2. HP: 13/13 MP: 6/6
    15 | D        | Noticed Jessica
    18 | D        | Killed Jessica
    18 | D        | Reached skill level 10 in Stealth
    18 | D        | Reached XP level 3. HP: 16/16 MP: 8/8
    22 | D        | Learned a level 2 spell: Ensorcelled Hibernation
    26 | D        | Learned a level 3 spell: Confuse
    46 | D        | Reached skill level 11 in Stealth
    48 | D        | Noticed Crazy Yiuf
    87 | D        | Killed Crazy Yiuf
    87 | D        | Reached skill level 13 in Stealth
    87 | D        | Reached XP level 4. HP: 17/21 MP: 4/9
   149 | D        | Gained mutation: You have sharp fingernails. [potion of mutation]
   149 | D        | Gained mutation: You are weak. (Str -2) [potion of mutation]
   149 | D        | Gained mutation: You evolve. [potion of mutation]
   150 | D        | Lost mutation: You are weak. (Str -2) [potion of mutation]
   150 | D        | Gained mutation: You can breathe flames. [potion of mutation]
   153 | D        | Killed a yaktaur
   213 | D        | Killed a white draconian scorcher
   254 | D        | Killed a white draconian scorcher
   292 | D        | Noticed a water elemental
   295 | D        | Killed a water elemental
   295 | D        | Reached skill level 15 in Stealth
   295 | D        | Reached XP level 5. HP: 24/24 MP: 10/10
   299 | D        | Found a glowing silver altar of Zin.
   299 | D        | Found a glowing golden altar of the Shining One.
   299 | D        | Found a white marble altar of Elyvilon.
   300 | D        | Noticed a deep elf priest
   302 | D        | Killed a deep elf priest
   302 | D        | Reached skill level 10 in Short Blades
   302 | D        | Reached XP level 6. HP: 28/28 MP: 11/11
   333 | D        | Found a radiant altar of Vehumet.
   333 | D        | Found a deep blue altar of Sif Muna.
   333 | D        | Found an ancient bone altar of Kikubaaqudgha.
   333 | D        | Noticed a wizard
   335 | D        | Killed a wizard
   362 | D        | Became a worshipper of Kikubaaqudgha
   367 | D        | Learned a level 3 spell: Dazzling Spray
   385 | D        | Found an iron altar of Okawaru.
   385 | D        | Found a bloodstained altar of Trog.
   385 | D        | Noticed a human
   386 | D        | Noticed a human
   388 | D        | Killed a human
   388 | D        | Reached skill level 17 in Stealth
   388 | D        | Reached XP level 7. HP: 32/32 MP: 12/12
   394 | D        | Killed a human
   394 | D        | Reached skill level 18 in Stealth
   630 | D        | Found a basalt altar of Yredelemnul.
   630 | D        | Found a snail-covered altar of Cheibriados.
   630 | D        | Found a blossoming altar of Fedhas.
   630 | D        | Noticed a necrophage
   630 | D        | Noticed a necromancer
   637 | D        | Killed a necrophage
   637 | D        | Reached skill level 19 in Stealth
   650 | D        | Killed a necromancer
   650 | D        | Acquired Kikubaaqudgha's first power
   650 | D        | Received a gift from Kikubaaqudgha
   968 | D        | Identified Kikubaaqudgha's Disquisition on Unholy Magic (Kikubaaqudgha gifted it to you in the Dungeon)
   976 | D        | Noticed a jelly
   977 | D        | Noticed a shadow
   979 | D        | Killed a shadow
   979 | D        | Reached skill level 20 in Stealth
   983 | D        | Killed a jelly
   989 | D        | Found a stormy altar of Qazlal.
   989 | D        | Found a sacrificial altar of Ru.
   989 | D        | Found a burning altar of Makhleb.
   989 | D        | Found a shimmering altar of Xom.
   990 | D        | Found a viscous altar of Jiyva.
   990 | D        | Found a shadowy altar of Dithmenos.
   990 | D        | Found a sparkling altar of Nemelex Xobeh.
   990 | D        | Found a corrupted altar of Lugonu.
   990 | D        | Found an opulent altar of Gozag.
   990 | D        | Noticed a spatial vortex
   994 | D        | Killed a spatial vortex
   994 | D        | Reached XP level 8. HP: 36/36 MP: 13/13
  1009 | D        | Learned a level 3 spell: Regeneration
  1017 | D        | Noticed Josephine
  1020 | D        | Killed Josephine
  1020 | D        | Reached skill level 23 in Stealth
  1029 | D        | Noticed an orc warrior
  1030 | D        | Noticed an orc wizard
  1030 | D        | Noticed an orc warrior
  1030 | D        | Noticed an orc sorcerer
  1030 | D        | Noticed an orc wizard
  1032 | D        | Noticed an orc warrior
  1032 | D        | Noticed an orc priest
  1032 | D        | Noticed an orc wizard
  1033 | D        | Killed an orc wizard
  1043 | D        | Noticed an earth elemental
  1047 | D        | Killed an earth elemental
  1055 | D        | Noticed a centaur
  1055 | D        | Noticed a centaur warrior
  1055 | D        | Noticed a centaur
  1057 | D        | Killed a centaur
  1057 | D        | Acquired Kikubaaqudgha's second power
  1057 | D        | Reached skill level 24 in Stealth
  1057 | D        | Reached XP level 9. HP: 39/39 MP: 14/14
  1059 | D        | Killed a centaur warrior
  1059 | D        | Reached skill level 25 in Stealth
  1060 | D        | Killed a centaur
  1071 | D        | Noticed an unseen horror
  1074 | D        | Killed an unseen horror
  1074 | D        | Reached skill level 26 in Stealth
  1077 | D        | Noticed a killer bee
  1077 | D        | Noticed a killer bee
  1077 | D        | Noticed a killer bee
  1077 | D        | Noticed a killer bee
  1077 | D        | Noticed a killer bee
  1077 | D        | Noticed a killer bee
  1077 | D        | Noticed a killer bee
  1077 | D        | Noticed a killer bee
  1077 | D        | Noticed a killer bee
  1077 | D        | Noticed a killer bee
  1077 | D        | Noticed a killer bee
  1077 | D        | Noticed a killer bee
  1077 | D        | Noticed a killer bee
  1077 | D        | Noticed a queen bee
  1077 | D        | Noticed a killer bee
  1083 | D        | Noticed an unseen horror
  1084 | D        | Killed an unseen horror
  1084 | D        | Received a gift from Kikubaaqudgha
  1084 | D        | Reached skill level 27 in Stealth
  1084 | D        | Reached skill level 5 in Spellcasting
  1085 | D        | Identified Kikubaaqudgha's Volume of Unholy Arts (Kikubaaqudgha gifted it to you in the Dungeon)
  1092 | D        | Learned a level 5 spell: Agony
  1102 | D        | Noticed a killer bee
  1102 | D        | Noticed a killer bee
  1102 | D        | Noticed a killer bee
  1102 | D        | Noticed a killer bee
  1102 | D        | Noticed a killer bee
  1102 | D        | Noticed a killer bee
  1102 | D        | Noticed a killer bee
  1102 | D        | Noticed a killer bee
  1102 | D        | Noticed a killer bee
  1102 | D        | Noticed a killer bee
  1102 | D        | Noticed a killer bee
  1102 | D        | Noticed a killer bee
  1102 | D        | Noticed a killer bee
  1102 | D        | Noticed a killer bee
  1102 | D        | Noticed a killer bee
  1102 | D        | Noticed a killer bee
  1102 | D        | Noticed a killer bee
  1102 | D        | Noticed a killer bee
  1105 | D        | Killed a killer bee
  1106 | D        | Killed a killer bee
  1128 | D        | Killed a killer bee
  1152 | D        | Killed a killer bee
  1152 | D        | Acquired Kikubaaqudgha's third power
  1152 | D        | Reached XP level 10. HP: 35/44 MP: 20/20
  1188 | D        | Killed a killer bee
  1207 | D        | Killed a killer bee
  1224 | D        | Quit the game

Vault maps used:
D:        dungeon_sprint_mu

Action                   |  1- 3 |  4- 6 |  7- 9 | 10-12 || total
-------------------------+-------+-------+-------+-------++-------
Melee: Dagger            |     6 |     5 |    65 |    59 ||   135
 Cast: Ensorcelled Hiber |     2 |       |       |       ||     2
       Confuse           |       |       |    11 |       ||    11
 Abil: Breathe Fire      |       |       |     1 |       ||     1
  Use: Potion            |     1 |     2 |     5 |     1 ||     9
       Scroll            |       |     3 |       |     1 ||     4
 Stab: Sleeping          |     5 |     5 |    11 |       ||    21
       Confused          |       |       |     2 |       ||     2
  Eat: Fruit             |       |       |     1 |       ||     1
